[Event "Titled Tuesday Blitz March 01 Late 2022"]
[White "Yurtseven, Melih"]
[Black "Toncheva, Nadya"]
[WhiteFideId "6312160"]
[BlackFideId "2924056"]
[WhiteElo "2160"]
[BlackElo "1920"]
[Result "0-1"]
[Round "11"]
[TimeControl "180+1"]
[Date "2022.03.02"]
[WhiteClock "0:00:38"]
[BlackClock "0:00:05"]

1. Nf3 Nf6 2. b3 d5 3. Bb2 Bg4 4. e3 Nbd7 5. c4 e5 6. h3 Bxf3 7. Qxf3 c6 8. Qg3 Ne4 9. Qg4 Nef6 10. Qh4 Bd6 11. cxd5 cxd5 12. Nc3 O-O 13. Be2 Re8 14. O-O h6 15. Rac1 a6 16. Bd3 e4 17. Bb1 Ne5 18. f4 exf3 19. gxf3 Qd7 20. f4 Ng6 21. Qg3 d4 22. Ne2 dxe3 23. dxe3 Ne4 24. Qg2 Nd2 25. e4 Nxf1 26. Rxf1 Bc5+ 27. Kh1 Qd2 28. Bc3 Qd6 29. e5 Qb6 30. e6 Qxe6 31. Ng3 Nh4 32. Qh2 Qc6+ 33. Ne4 Rxe4 34. Qg3 Re2+ 35. Rf3 Qxf3+ 36. Qxf3 Nxf3 37. Bd3 Rh2# 0-1


[Site "https://www.chess.com"]

[Event "Titled Tuesday Blitz March 01 Late 2022"]
[White "Zhou, Qiyu"]
[Black "Cagara, Paulina"]
[WhiteFideId "505161"]
[BlackFideId "1124870"]
[WhiteElo "1925"]
[BlackElo "1828"]
[Result "1-0"]
[Round "11"]
[TimeControl "180+1"]
[Date "2022.03.02"]
[WhiteClock "0:00:59"]
[BlackClock "0:00:32"]

1. e4 c6 2. d4 d5 3. e5 c5 4. dxc5 e6 5. Be3 Nd7 6. Bb5 Ne7 7. Bxd7+ Bxd7 8. Nf3 Qc7 9. c3 a5 10. O-O Nc6 11. Bd4 Be7 12. Nbd2 Nxd4 13. cxd4 b6 14. Rc1 bxc5 15. dxc5 Bb5 16. Re1 O-O 17. Nd4 Bd3 18. Qf3 Bg6 19. Nb5 Qc6 20. Nd6 Rab8 21. Nb3 a4 22. Nd4 Qa6 23. b3 Rb4 24. Qc3 Rfb8 25. c6 axb3 26. c7 Bxd6 27. exd6 Qxd6 28. cxb8=Q+ Rxb8 29. Qc8+ Qf8 30. Qxf8+ Kxf8 31. Nxb3 Ke7 32. Nd4 Kf6 33. Ra1 e5 34. Nc6 Re8 35. a4 e4 36. a5 1-0


[Site "https://www.chess.com"]

[Event "Titled Tuesday Blitz March 01 Late 2022"]
[White "Zhurbinsky, David"]
[Black "Cupid, Kevin"]
[WhiteFideId "2072904"]
[BlackFideId "7700512"]
[WhiteElo "2501"]
[BlackElo "2096"]
[Result "0-1"]
[Round "11"]
[TimeControl "180+1"]
[Date "2022.03.02"]
[WhiteClock "0:00:04"]
[BlackClock "0:00:22"]

1. e4 c6 2. d4 d5 3. Nc3 dxe4 4. Nxe4 Nf6 5. Nxf6+ exf6 6. Ne2 Bd6 7. Be3 Qc7 8. Qd2 O-O 9. Ng3 Re8 10. Bd3 Nd7 11. O-O-O Nf8 12. Ne4 Be6 13. c4 Ng6 14. g3 b5 15. c5 Bf8 16. Nc3 b4 17. Ne2 Bxa2 18. Qxb4 Rab8 19. Qa3 Bd5 20. Rhe1 Rb3 21. Qa4 Reb8 22. Rd2 Qb7 23. Ba6 Qd7 24. Nf4 R8b4 25. Qa5 Be4 26. Nxg6 hxg6 27. Bf4 f5 28. Be5 f6 29. Bf4 Rxd4 30. Qa4 Rxd2 31. Qxb3+ Bd5 32. Qc3 Rxf2 33. Bc4 Qf7 34. Be3 Rxh2 35. Bxd5 Qxd5 36. Rd1 Qg2 37. b4 Kh7 38. Bf4 g5 39. Rd2 Qg1+ 40. Rd1 Qf2 41. Bd2 a5 42. Qd3 axb4 43. Rf1 Qg2 44. Qxf5+ Kh8 45. Re1 Qxd2+ 46. Kb1 Qb2# 0-1